 Dungeon Crawl Stone Soup version 0.18-a0-1577-gf591c28 (webtiles) character file.

1421 namelastname112 the Cutter (level 8, -1/67 HPs)
             Began as a Green Draconian Skald on Mar 19, 2016.
             Was a Follower of Dithmenos.
             Slain by a wight
             ... wielding a cursed +1 spear
              (8 damage)
             ... on level 6 of the Dungeon.
             The game lasted 00:09:14 (5851 turns).

namelastname112 the Cutter (Green Draconian Skald)  Turns: 5851, Time: 00:09:14

Health: -1/67      AC:  7    Str: 14    XL:     8   Next: 44%
Magic:  13/13      EV:  7    Int: 13    God:    Dithmenos [*.....]
Gold:   333        SH:  0    Dex: 13    Spells: 2 memorised, 10 levels left

rFire  . . .     SeeInvis .     w - +1 dagger (venom)
rCold  . . .     Gourm    .     (armour unavailable)
rNeg   . . .     Faith    .     (no shield)
rPois  +         Spirit   .     (helmet restricted)
rElec  .         Dismiss  .     (no cloak)
rCorr  .         Reflect  .     (no gloves)
SustAt .         Harm     .     t - +0 pair of boots
MR     .....                    (no amulet)
Stlth  ++........               (no ring)
                                (no ring)

@: wreathed by umbra, heavily drained, not resistant to hostile enchantments,
unstealthy
A: breathe noxious fumes, unfitting armour, poison resistance, cold-blooded, AC
+6
a: Breathe Noxious Fumes, Renounce Religion


You were on level 6 of the Dungeon.
You worshipped Dithmenos.
Dithmenos was aware of your devotion.
You were hungry.

You visited 2 branches of the dungeon, and saw 7 of its levels.

You collected 333 gold pieces.

Inventory:

Hand Weapons
 w - a +1 dagger of venom (weapon)
Armour
 g - a +0 buckler
 t - a +0 pair of boots (worn)
Wands
 y - a wand of digging (13/24)
Scrolls
 d - 4 scrolls of fear {unknown}
 e - 2 scrolls of noise {unknown}
 j - 2 scrolls of remove curse {unknown}
 m - a scroll of enchant armour {unknown}
 o - 2 scrolls of teleportation {unknown}
 p - 3 scrolls of enchant weapon {unknown}
 q - a scroll of fog {unknown}
 r - 2 scrolls of magic mapping {unknown}
 s - a scroll of blinking {unknown}
 u - a scroll of identify {unknown}
 v - a scroll of recharging {unknown}
 B - a scroll of vulnerability {unknown}
 C - a scroll of brand weapon {unknown}
Potions
 h - 2 potions of flight {unknown}
 k - 2 potions of berserk rage {unknown}
 l - a potion of mutation {unknown}
 n - a potion of degeneration {unknown}
 z - a potion of agility {unknown}
 D - a potion of cure mutation {unknown}
Books
 b - a book of Battle

   Spells                             Type                      Level
   a - Infusion                       Charms                       1
   b - Shroud of Golubria             Charms/Translocation         2
   c - Song of Slaying                Charms                       2
   d - Spectral Weapon                Hexes/Charms                 3
   e - Regeneration                   Charms/Necromancy            3
Comestibles
 a - a slice of pizza
 c - 7 bread rations
 i - 2 meat rations
 x - a beef jerky
 A - 4 fruits
 E - a chunk of flesh


   Skills:
 + Level 4.5(2.8) Fighting
 * Level 5.6(3.8) Short Blades
 + Level 3.6(1.9) Dodging
 + Level 3.1(1.4) Stealth
 + Level 2.9(1.2) Shields
 + Level 3.6(1.9) Spellcasting
 + Level 2.2(0.6) Hexes
 - Level 3.8(2.1) Charms


You had 10 spell levels left.
You knew the following spells:

 Your Spells              Type           Power        Failure   Level  Hunger
a - Infusion              Chrm           #...         12%         1    ##.....
x - Spectral Weapon       Hex/Chrm       #.......     52%         3    ####...


Dungeon Overview and Level Annotations

Branches:
Dungeon (6/15)             Temple (1/1) D:5

Altars:
Dithmenos
Elyvilon
Nemelex Xobeh
Okawaru
Qazlal
Ru
Trog
Yredelemnul
Zin
The Shining One

Shops:
D:5 %


Innate Abilities, Weirdness & Mutations

You can breathe blasts of noxious fumes.
Your lurid green scales are hard (AC +6).
Your body does not fit into most forms of armour.
Your system is resistant to poisons.
You are cold-blooded and may be slowed by cold attacks.


Message History

You throw a throwing net.
The throwing net barely misses the wight.
The wight hits you with an enchanted spear.
* * * LOW HITPOINT WARNING * * *
The wight barely misses you.
Your spectral weapon fades away.
A giant frog comes into view.
The giant frog croaks.
Found an emerald potion.
The giant frog hits you but does no damage.
You are feeling hungry.
The giant frog hits you!
* * * LOW HITPOINT WARNING * * *
There is a stone staircase leading up, spattered with blood here.
Press: ? - help, Shift-Dir - straight line, f/p - wight
Aim: a wight, wielding an enchanted spear and wearing a robe (lightly damaged)
Okay, then.
The giant frog hits you but does no damage.
The wight hits you from afar with an enchanted spear!
You die...

.............................# #.
#.##..#########.........####.# #.
#.##..# #.###........#..# #.
#.##..###............#..### #.
..........................+ #.
#.##..###..##.#..###.#..###. #.
#.##..###..##.#....)....###..# #.
#..........##.##)###......##.###.
...........##.##@# #......#......
..............##F###......##.....
...............z(................
#.....###.##.###.###.##.####...#.
#....................##.####.#.#.
####.##..............z.z.........
. .##.#.##.#####.#.##..###.#...
........!. #.#!##..# #..... ....
##.. #.#.##..# ###...


You could see a giant frog and a wight.

Vanquished Creatures
  Grinder (D:5)
  A water moccasin (D:5)
  2 orc warriors (D:6)
  A centaur (D:6)
  A giant frog (D:4)
  3 wights (D:6)
  A howler monkey (D:5)
  A crimson imp (D:5)
  A quasit (D:5)
  An orc priest (D:5)
  2 hounds (D:6)
  4 orc wizards
  A centaur skeleton (D:4)
  2 iguanas (D:6)
  3 worker ants
  2 hound skeletons
  2 worker ant zombies (D:5)
  7 adders
  A shadow imp (D:6)
  An ooze (D:3)
  2 dart slugs (D:1)
  A worm (D:5)
  2 giant geckos
  11 orcs
  6 giant cockroaches
  11 goblins
  7 hobgoblins
  3 quokkas
  3 ball pythons
  8 bats
  A giant gecko zombie (D:6)
  4 giant newts
  9 kobolds
  4 rats
110 creatures vanquished.

Vanquished Creatures (collateral kills)
  A crimson imp (D:6)
1 creature vanquished.

Vanquished Creatures (others)
  A spectral weapon (D:5)
1 creature vanquished.

Grand Total: 112 creatures vanquished

Notes
Turn   | Place    | Note
--------------------------------------------------------------
     0 | D:1      | namelastname112 the Draconian Skald began the quest for the Orb.
     0 | D:1      | Reached XP level 1. HP: 17/17 MP: 3/3
   141 | D:1      | Reached XP level 2. HP: 21/24 MP: 5/5
   256 | D:1      | Reached skill level 1 in Stealth
   379 | D:1      | Reached XP level 3. HP: 12/30 MP: 3/6
   653 | D:1      | Learned a level 3 spell: Spectral Weapon
  1215 | D:2      | Found a faded altar to an unknown god.
  1524 | D:2      | Reached XP level 4. HP: 32/37 MP: 0/7
  1855 | D:2      | Found a bloodstained altar of Trog.
  1855 | D:2      | Found a shadowy altar of Dithmenos.
  2440 | D:3      | Reached skill level 3 in Short Blades
  3103 | D:3      | Reached XP level 5. HP: 44/44 MP: 8/8
  3141 | D:3      | Found a glowing golden altar of the Shining One.
  3141 | D:3      | Found a white marble altar of Elyvilon.
  3144 | D:3      | Found a glowing silver altar of Zin.
  3649 | D:4      | Reached XP level 6. HP: 40/51 MP: 9/9
  3714 | D:4      | Reached skill level 1 in Shields
  3929 | D:5      | Entered Level 5 of the Dungeon
  3994 | D:5      | Found a stormy altar of Qazlal.
  4189 | D:5      | Noticed Grinder
  4221 | D:5      | Killed Grinder
  4221 | D:5      | Reached skill level 4 in Short Blades
  4221 | D:5      | Reached skill level 1 in Hexes
  4221 | D:5      | Your scales start taking on a lurid green colour.
  4221 | D:5      | Reached XP level 7. HP: 44/57 MP: 11/11
  4221 | D:5      | Gained mutation: Your system is resistant to poisons. [Green Draconian growth]
  4394 | D:5      | Found a staircase to the Ecumenical Temple.
  4524 | D:2      | Became a worshipper of Dithmenos the Shadowed
  4656 | D:5      | Found Jonyg's Food Boutique.
  4661 | D:5      | Found an iron altar of Okawaru.
  4864 | Temple   | Entered the Ecumenical Temple
  5114 | D:6      | Reached skill level 5 in Short Blades
  5114 | D:6      | Reached XP level 8. HP: 29/66 MP: 12/12
  5349 | D:6      | Reached * piety under Dithmenos
  5851 | D:6      | Slain by a wight

Vault maps used:
D:1:      lemuel_arrival_behind_the_door_small, minmay_misc_feat_rows
D:2:      gammafunk_temple_overflow_pools, ecumenical_altar_2
D:3:      good_gods_temple_1
D:5:      overflow_temple_1_default, minmay_temple_entry_glassed_door,
          basic_altar, first_bread, serial_shops, kennysheep_mini,
          kennysheep_potato, uniq_grinder
Temple:   circular_temple_12

Skill      XL: |  1  2  3  4  5  6  7  8 |
---------------+-------------------------+-----
Stealth        | 1 2 3 |  3.1
Charms         | 3 |  3.8
Dodging        | 2 3 |  3.6
Short Blades   | 3 4 5 |  5.6
Fighting       | 3 4 |  4.5
Shields        | 1 2 |  2.9
Spellcasting   | 3 |  3.6
Hexes          | 1 2 |  2.2

Action                   |  1- 3 |  4- 6 |  7- 9 || total
-------------------------+-------+-------+-------++-------
Melee: Short sword       |   111 |   207 |    47 ||   365
       Dagger            |       |       |   167 ||   167
Throw: Throwing net      |       |     2 |     2 ||     4
 Cast: Infusion          |     2 |     1 |       ||     3
       Spectral Weapon   |       |     7 |     8 ||    15
 Abil: Breathe Noxious F |       |       |     2 ||     2
 Stab: Sleeping          |     4 |     4 |     2 ||    10
       Distracted        |       |     1 |     1 ||     2
       Confused          |       |       |     1 ||     1
       Held in net/web   |       |       |     1 ||     1
  Eat: Chunk             |     1 |    11 |     2 ||    14
       Meat ration       |       |       |     1 ||     1
